 Dungeon Crawl Stone Soup version 0.31-a0-968-g24f9ace8b5 (webtiles) character file.

Game seed: 15309729467658849868

990 Maxmaps the Skirmisher (level 7, -2/49 (50) HPs)
             Began as a Demonspawn Hunter on Oct 27, 2023.
             Was an Initiate of Gozag.
             Slain by a wight
             ... wielding a +5 halberd
              (10 damage)
             ... on level 6 of the Dungeon on Oct 28, 2023.
             The game lasted 00:05:44 (3790 turns).

Maxmaps the Skirmisher (Demonspawn Hunter)          Turns: 3790, Time: 00:05:45

HP:   -2/49 (50)    AC:  8    Str: 11    XL:     7   Next: 98%
MP:   7/7           EV: 17    Int: 12    God:    Gozag
Gold: 192           SH:  5    Dex: 17    Spells: 6/6 levels left

rFire   . . .        a - +0 shortbow
rCold   . . .        (shield currently unavailable)
rNeg    . . .        c - +0 leather armour
rPois   .            (helmet restricted)
rElec   .            i - +0 cloak
rCorr   .            t - +1 pair of gloves
SInv    +            (no boots)
Will    .....        m - amulet of Doengos {Reflect Fly SH+5}
Stlth   ++           p - +5 ring of evasion
HPRegen 0.28/turn    q - ring of see invisible
MPRegen 0.10/turn

%: reflection
@: gold aura, flying, lightly drained
A: horns 1, icy blue scales 1, foul stench 1, powered by death 1
a: Renounce Religion, Potion Petition, Call Merchant, Bribe Branch


You were on level 6 of the Dungeon.
You worshipped Gozag.
Gozag was aware of your devotion.
You visited 1 branch of the dungeon, and saw 6 of its levels.

You collected 273 gold pieces.
You paid 81 gold pieces to Gozag.

Inventory:

Hand Weapons
 a - a +0 shortbow (weapon)
Armour
 c - a +0 leather armour (worn)
 i - a +0 cloak (worn)
 t - a +1 pair of gloves (worn)
Jewellery
 m - the amulet of Doengos (around neck) {Reflect Fly SH+5}
   (You found it on level 2 of the Dungeon)

   [amulet of reflection]

   Reflect:   It reflects blocked missile attacks.
   Fly:       It grants you flight.
   SH+5:      It affects your SH (+5).
 o - a +6 ring of strength
 p - a +5 ring of evasion (left hand)
 q - a ring of see invisible (right hand)
Wands
 j - a wand of flame (26)
 r - a wand of roots (6)
Scrolls
 b - 2 scrolls of butterflies
 d - a scroll of amnesia
 h - 3 scrolls of teleportation
Potions
 e - 3 potions of might
 f - 4 potions of curing
 g - a potion of enlightenment
 k - a potion of invisibility {unknown}
 l - 2 potions of brilliance
 n - a potion of attraction
 s - a potion of mutation {unknown}
 u - a potion of berserk rage


   Skills:
 - Level 2.0 Fighting
 + Level 9.2 Ranged Weapons
 - Level 1.7 Dodging
 - Level 0.8 Stealth


You had 6 spell levels left.
You didn't know any spells.
Your spell library contained the following spells:

 Spells                   Type           Power      Damage    Failure   Level
 Apportation              Tloc           0%         N/A       41%         1
 Foxfire                  Conj/Fire      0%         2x1d4     41%         1
 Freeze                   Ice            0%         1d3       41%         1
 Necrotise                Necr           0%         1d4       41%         1
 Slow                     Hex            0%         N/A       41%         1
 Summon Small Mammal      Summ           0%         N/A       41%         1
 Ensorcelled Hibernation  Hex/Ice        0%         N/A       54%         2
 Jinxbite                 Hex            0%         N/A       54%         2
 Confusing Touch          Hex            0%         N/A       78%         3
 Dazzling Flash           Conj/Hex       0%         N/A       78%         3
 Frozen Ramparts          Ice            0%         1d1       78%         3
 Hailstorm                Conj/Ice       0%         3d3       78%         3
 Sigil of Binding         Hex            0%         N/A       78%         3
 Vampiric Draining        Necr           0%         2d6       78%         3
 Volatile Blastmotes      Fire/Tloc      0%         2d10      78%         3
 Anguish                  Hex/Necr       0%         N/A       99%         4
 Plasma Beam              Fire/Air       0%         2x1d10    100%        6
 Starburst                Conj/Fire      0%         6d3       100%        6
 Maxwell's Capacitive Co  Air            0%         ∞         100%        8


Dungeon Overview and Level Annotations

Branches:
Dungeon (6/15)
 Temple: D:4-7

Altars:
Gozag
Sif Muna
Uskayaw
Vehumet
Xom

Annotations:
D:4 3 runed translucent doors, Gormless's ghost, amateur DrSh


Innate Abilities, Weirdness & Mutations

You have a pair of small horns on your head.
You are partially covered in icy blue scales. (AC +2)
You may rarely emit foul miasma when damaged in melee.
You regenerate a little health from kills.


Message History

The wight closely misses you.
Fire: a) +0 shortbow
Press: ? - help, Shift-Dir - straight line, f/p - wight
Aim: a wight, wielding a +4 battleaxe and wearing a +0 robe (almost destroyed, 65% to hit)
You shoot an arrow. The arrow barely misses the wight. x2
The arrow hits the wight but does no damage.
The wight hits you but does no damage.
Fire: a) +0 shortbow
Press: ? - help, Shift-Dir - straight line, f/p - wight
Aim: a wight, wielding a +4 battleaxe and wearing a +0 robe (almost destroyed, 65% to hit)
You shoot an arrow. The arrow hits the wight.
You destroy the wight!
Unknown command.
Fire: a) +0 shortbow
Press: ? - help, Shift-Dir - straight line, f - wight
Aim: a wight, wielding a +0 war axe and wearing a +0 ring mail (lightly damaged, 69% to hit)
You shoot an arrow. The arrow barely misses the wight. x2
The wight misses you. The wight barely misses you.
Unknown command.
Fire: a) +0 shortbow
Press: ? - help, Shift-Dir - straight line, f/p - wight
Aim: a wight, wielding a +0 war axe and wearing a +0 ring mail (lightly damaged, 69% to hit)
You shoot an arrow. The arrow closely misses the wight.
The arrow hits the wight.
The wight is moderately damaged.
The wight hits you with a +0 war axe!
* * * LOW HITPOINT WARNING * * *
You block the wight's attack.
Unknown command.
Fire: a) +0 shortbow
Press: ? - help, Shift-Dir - straight line, f/p - wight
Aim: a wight, wielding a +0 war axe and wearing a +0 ring mail (lightly damaged, 69% to hit)
You shoot an arrow.
The arrow hits the wight but does no damage.
The wight is lightly damaged.
The wight hits you with a +0 war axe.
* * * LOW HITPOINT WARNING * * *
The wight hits you from afar with a +5 halberd!
You die...
Your body crumbles into a pile of gold.

#.......# #...#
#...... #.......#
#[#.###<.8...
#########
#.#..........
#####.#######...#
#.....# ###..
###.##### ###
#...# #.#####
#.@zz.# #####.#
#...$...'z...
.....##.###.z.#
.... ..# .# .##
... ####


You could see 2 wights.

Vanquished Creatures
  A black bear (D:5)
  2 ogres (D:4)
  A scorpion (D:5)
  A wight (D:6)
  2 howler monkeys (D:4)
  2 jellies (D:5)
  An orc priest (D:5)
  Crazy Yiuf (D:3)
  3 hounds
  6 iguanas
  A sleepcap (D:6)
  4 gnolls
  4 adders
  A shadow imp (D:5)
  2 worms
  A dart slug (D:4)
  9 orcs
  4 bats
  4 endoplasms
  2 giant cockroaches
  8 goblins
  4 hobgoblins
  4 jackals (D:4)
  3 kobolds
  5 quokkas
  7 ball pythons
  5 frilled lizards
  4 rats
92 creatures vanquished.

Notes
Turn   | Place    | Note
-------+----------+-------------------------------------------
     0 | D:1      | Maxmaps the Demonspawn Hunter began the quest for the Orb.
     0 | D:1      | Reached XP level 1. HP: 16/16 MP: 1/1
   119 | D:1      | Reached skill level 4 in Ranged Weapons
   124 | D:1      | Gained mutation: You may rarely emit foul miasma when
                  | damaged in melee. [demonic ancestry]
   124 | D:1      | Reached XP level 2. HP: 22/22 MP: 2/2
   209 | D:1      | Found a faded altar of an unknown god.
   380 | D:1      | Upgraded the game from 0.31-a0-965-g8a8ce12e04 to
                  | 0.31-a0-968-g24f9ace8b5
   566 | D:2      | Found a radiant altar of Vehumet.
   625 | D:2      | Gained mutation: You are partially covered in icy blue
                  | scales. (AC +2) [demonic ancestry]
   625 | D:2      | Reached XP level 3. HP: 27/27 MP: 3/3
   709 | D:2      | Identified the amulet of Doengos {Reflect Fly SH+5}
  1032 | D:3      | Found a shimmering altar of Xom.
  1111 | D:3      | Found a runed translucent door.
  1112 | D:3      | Noticed Crazy Yiuf
  1162 | D:3      | Found a shimmering blue altar of Sif Muna.
  1257 | D:3      | Reached skill level 5 in Ranged Weapons
  1398 | D:3      | Reached XP level 4. HP: 7/33 MP: 4/4
  1698 | D:3      | Killed Crazy Yiuf
  1839 | D:4      | Reached skill level 6 in Ranged Weapons
  1839 | D:4      | Gained mutation: You have a pair of small horns on your
                  | head. [demonic ancestry]
  1839 | D:4      | Reached XP level 5. HP: 34/38 MP: 5/5
  2088 | D:4      | Noticed an ogre
  2096 | D:4      | Killed an ogre
  2172 | D:4      | Gained mutation: You regenerate a little health from kills.
                  | [demonic ancestry]
  2172 | D:4      | Reached XP level 6. HP: 36/44 MP: 6/6
  2234 | D:4      | Reached skill level 7 in Ranged Weapons
  2258 | D:4      | Found a runed translucent gate.
  2259 | D:4      | Found a runed translucent gate.
  2259 | D:4      | Found a runed translucent gate.
  2260 | D:4      | Found an opulent altar of Gozag.
  2261 | D:4      | Noticed Gormless's ghost (amateur DrSh)
  2261 | D:4      | Noticed a wyvern
  2473 | D:4      | Identified the beast talisman "Dubebef" {rF+ rN+ Will-
                  | Dex+5}
  2846 | D:5      | Entered Level 5 of the Dungeon
  3059 | D:5      | Found an opulent altar of Gozag.
  3067 | D:5      | Became a worshipper of Gozag Ym Sagoz the Greedy
  3080 | D:5      | Reached XP level 7. HP: 50/50 MP: 7/7
  3143 | D:5      | Reached skill level 8 in Ranged Weapons
  3509 | D:6      | Found a hide-covered altar of Uskayaw.
  3618 | D:6      | Reached skill level 9 in Ranged Weapons
  3790 | D:6      | Slain by a wight

Illustrated notes

Levels and vault maps discovered:
D:1:      minmay_arrival_solitary_statue, layout_rooms,
          ebering_ecumenical_altar_box, minmay_pentomino_q2
D:2:      layout_loops_ring, basic_altar, grunt_ministairs_4
D:3:      layout_basic, mainiacjoe_overflow_large_starburst,
          uniq_crazy_yiuf_cottage
D:4:      layout_loops_corners, chequers_ossuary_entry_cave, ebering_ghost_gozag
D:5:      layout_rooms, mainiacjoe_overflow_six_doors_small
D:6:      layout_basic, eat_drink_and_be_merry_uskayaw,
          minmay_temple_entry_overgrown, hex_large, nrook_mini_vaults,
          uniq_edmund

Skill      XL: |  1  2  3  4  5  6  7 |
---------------+----------------------+-----
Ranged Weapons | 4 5 6 7 9 |  9.2
Fighting       | |  2.0
Dodging        | |  1.7
Stealth        | |  0.8

Action                     |  1- 3 |  4- 6 |  7- 9 || total
---------------------------+-------+-------+-------++-------
   Fire: Shortbow          |   110 |   142 |   103 ||   355
    Use: Scroll            |       |     7 |     2 ||     9
         Potion            |       |     5 |       ||     5
 Armour: Leather armour    |    15 |    32 |    38 ||    85
  Dodge: Dodged            |    24 |    75 |    66 ||   165
  Block: Other             |     4 |    20 |    17 ||    41
         Reflection        |       |     1 |       ||     1

Table legend: (Time is in decaauts)
 A = Elapsed time spent in this place.
 B = Non-inter-level travel time spent in this place.
 C = Inter-level travel time spent in this place.
 D = Time resting spent in this place.
 E = Time spent auto-exploring this place.
 F = Levels seen in this place.
 G = Mean time per level.
                   A        B        C        D        E       F      G
               +--------+--------+--------+--------+--------+-----+--------+
         Total |   3830 |   3583 |    247 |    375 |   2588 |   6 |  638.3 |
       Dungeon |   3830 |   3583 |    247 |    375 |   2588 |   6 |  638.3 |
               +--------+--------+--------+--------+--------+-----+--------+

Top non-repeatable levels by time:
     D:4: 1185 daAuts
     D:3: 732 daAuts
     D:5: 676 daAuts
     D:2: 622 daAuts
     D:1: 423 daAuts
     D:6: 189 daAuts
